AoeStats
← Ragnar.Guerrero

Oasis

509209503Analyzed
2v2 RM · 5d ago on Sep 25, 2026· 54m 35s· 4 players
Game mode
Random Map
Map size
Medium (4 player)
Population
200
Speed
Normal
Resources
Standard
Victory
Conquest
Starting age
Dark Age
Ending age
Imperial Age
RankedLock teamsTeams togetherTeam positionsShared explorationLock speedFull tech treeHidden civsTurbo modeCheats
Victory
Defeat
🇦🇷 Huns · Argentina
1187
+14
🇦🇷 Aztecs · Argentina
1165
+15
🇦🇷 Franks · Argentina
1214
-17
🇦🇷 Ethiopians · Argentina
1086
-12
Ragnar.Guerrero
7:17 Loom
9:47 Feudal Age
10:29 Double-Bit Axe
15:15 Wheelbarrow
19:06 Castle Age
18:11 Scale Barding Armor
18:14 Gold Mining
20:18 Chain Barding Armor
21:04 Bow Saw
23:28 Husbandry
23:41 Forging
25:49 Town Watch
33:13 Imperial Age
31:01 Hand Cart
33:26 Cavalier
35:29 Plate Barding Armor
35:54 Iron Casting
36:33 Cavalier
38:55 Paladin
40:00 Conscription
40:38 Gold Shaft Mining
39:59 Stone Mining
42:13 Blast Furnace
43:42 Scale Mail Armor
43:49 Elite Throwing Axeman
43:50 Ordonnance Companies
44:22 Ordonnance Companies
45:56 Chain Mail Armor
49:17 Plate Mail Armor
52:24 Hoardings
MESSIAS
3:07 Loom
11:23 Feudal Age
11:52 Double-Bit Axe
15:49 Wheelbarrow
19:54 Castle Age
18:32 Gold Mining
18:38 Fletching
18:51 Horse Collar
20:18 Padded Archer Armor
20:48 Elite Skirmisher
21:46 Leather Archer Armor
22:00 Fervor
23:48 Squires
24:24 Scale Mail Armor
25:34 Bow Saw
30:51 Forging
30:57 Chain Mail Armor
33:41 Hand Cart
33:33 Bodkin Arrow
34:02 Arson
34:26 Town Watch
35:00 Stone Mining
39:05 Imperial Age
37:41 Iron Casting
37:48 Gold Shaft Mining
37:51 Stone Shaft Mining
38:30 Ballistics
39:46 Masonry
40:43 Conscription
44:18 Ring Archer Armor
48:18 Chemistry
47:59 Bracer
49:21 Two-Man Saw
49:02 Guilds
49:06 Heavy Plow
49:52 Halberdier
51:58 Blast Furnace
54:46 Plate Mail Armor
LagunaRoja
4:38 Loom
11:00 Feudal Age
15:50 Castle Age
14:18 Stone Mining
14:14 Double-Bit Axe
14:33 Horse Collar
16:45 Bow Saw
16:38 Heavy Plow
19:08 Scale Barding Armor
22:45 Chain Barding Armor
26:07 Forging
28:54 Iron Casting
29:34 Wheelbarrow
29:27 Bloodlines
30:23 Fletching
30:34 Gold Mining
31:07 Bodkin Arrow
32:03 Husbandry
33:07 Thumb Ring
33:05 Padded Archer Armor
36:23 Imperial Age
34:18 Town Watch
35:15 Ballistics
36:17 Hand Cart
37:05 Bracer
38:07 Chemistry
37:24 Leather Archer Armor
37:50 Conscription
38:20 Parthian Tactics
38:35 Coinage
38:44 Heavy Cavalry Archer
40:38 Masonry
40:37 Caravan
41:11 Banking
43:24 Scale Mail Armor
42:55 Pikeman
43:36 Squires
44:39 Blast Furnace
44:34 Halberdier
46:07 Chain Mail Armor
48:11 Gold Shaft Mining
47:53 Marauders
48:38 Plate Barding Armor
49:03 Elite Tarkan
50:05 Atheism
50:08 Guilds
54:43 Murder Holes
Goicoca
4:49 Loom
10:14 Feudal Age
11:07 Double-Bit Axe
19:19 Castle Age
18:20 Horse Collar
18:32 Gold Mining
19:38 Fletching
20:01 Forging
19:43 Crossbowman
20:23 Pikeman
21:40 Bodkin Arrow
23:27 Scale Mail Armor
24:30 Squires
25:41 Fervor
25:52 Sanctity
26:39 Wheelbarrow
29:54 Redemption
30:45 Iron Casting
35:40 Imperial Age
37:52 Blast Furnace
37:08 Chain Mail Armor
36:54 Town Watch
37:42 Hand Cart
37:54 Bow Saw
37:46 Gambesons
37:47 Arson
39:47 Illumination
39:39 Block Printing
40:35 Chemistry
39:57 Heavy Plow
41:20 Garland Wars
42:31 Theocracy
42:45 Theocracy
43:39 Town Patrol
44:33 Crop Rotation
44:37 Plate Mail Armor
44:09 Bracer
48:38 Ballistics
48:24 Siege Engineers
48:55 Conscription
48:40 Atlatl
48:33 Elite Skirmisher
49:24 Padded Archer Armor
49:36 Atonement
49:36 Herbal Medicine
50:17 Arbalester
55:09 Leather Archer Armor
Connection lost

Rejoining the realm…

Still unreachable

The connection could not be restored.

Session expired

The server has moved on; the page needs a fresh start.